cohdb
Replays
Latest Replays
All Replays
Popular Replays
Top Player Replays
Match Explorer
How It Works
Community
CoH3 Stats
Reddit
Sign in to upload your games and track your stats! →
Sign in with Steam
Match 43405136
Unlisted
Match 43405136
Overview
Messages
Build Orders
End
Kradschützen Motorcycle Team
Panzergrenadier Squad
250 Light Carrier
Construct Light Support Kompanie
Combat Half-tracks
Panzergrenadier Squad
MG34 Team
Construct Mechanized Kompanie
Panzerjäger Mechanized Group
2.5-tonne Medical Truck
Selects Panzerjäger Kommand Battlegroup
Veteran Squad Leaders
Construct Panzerarmee Kommand
Selects Tank Busters
Selects Crew Shock Tactics
Obersol
a slut
ConcernedApe
Eilte
0
0
Comments
sign in to comment!
No comments posted yet!